 Dungeon Crawl Stone Soup version 0.30-a0-862-g1aabd4f (webtiles) character file.

Game seed: 13566361446652883228

96 Nithhogg the Trooper (level 4, 0/41 HPs)
             Began as a Hill Orc Fighter on Mar 9, 2023.
             Slain by Ijyb
             ... wielding a +0 dagger
              (5 damage)
             ... on level 3 of the Dungeon.
             The game lasted 00:03:44 (1968 turns).

Nithhogg the Trooper (Hill Orc Fighter)             Turns: 1968, Time: 00:03:45

Health: 0/41       AC:  7    Str: 20    XL:     4   Next: 67%
Magic:  4/4        EV:  9    Int:  8    God:
Gold:   73         SH:  0    Dex: 10    Spells: 3/3 levels left

rFire   . . .      SeeInvis .    a - +0 war axe
rCold   . . .      Faith    .    (no shield)
rNeg    . . .      Spirit   .    b - +0 scale mail
rPois   .          Reflect  .    (no helmet)
rElec   .          Rampage  .    (no cloak)
rCorr   .                        (no gloves)
Will    .....                    (no boots) Stlth
                                 (no amulet)
HPRegen 0.26/turn                (no ring)
MPRegen 0.09/turn                (no ring)

@: mighty
A: no striking features
a: no special abilities


You were on level 3 of the Dungeon.
You visited 1 branch of the dungeon, and saw 3 of its levels.

You collected 187 gold pieces.
You spent 114 gold pieces at shops.

Inventory:

Hand Weapons
 a - a +0 war axe (weapon)
Armour
 b - a +0 scale mail (worn)
 c - a +0 buckler
Jewellery
 e - a ring of flight
 g - a ring of protection from cold
 h - a ring of see invisible
Wands
 p - a wand of flame (20)
Scrolls
 f - a scroll of torment {unknown}
 i - 2 scrolls of vulnerability {unknown}
 j - 2 scrolls of poison {unknown}
 k - a scroll of noise {unknown}
 l - 3 scrolls of identify {unknown}
 n - a scroll of enchant weapon {unknown}
 o - a scroll of brand weapon
 q - a scroll of fear {unknown}
 r - a scroll of acquirement {unknown}
Potions
 m - 2 potions of heal wounds {unknown}


   Skills:
 + Level 4.7 Fighting
 + Level 4.2 Axes
 + Level 4.2 Armour
 - Level 3.2 Shields


You had 3 spell levels left.
You didn't know any spells.
Your spell library contained the following spells:

 Spells                   Type           Power      Damage    Failure   Level
 Tukima's Dance           Hex            0%         N/A       98%         3
 Passage of Golubria      Tloc           0%         N/A       100%        4
 Yara's Violent Unravell  Hex/Tmut       0%         3d3       100%        5
 Chain Lightning          Conj/Air       0%         N/A       100%        9
 Fire Storm               Conj/Fire      0%         5d1       100%        9
 Shatter                  Erth           0%         3d5*      100%        9


Dungeon Overview and Level Annotations

Branches:
Dungeon (3/15)

Altars:
Beogh

Shops:
D:1 ?

Annotations:
D:3 Ijyb


Message History

Ijyb is moderately wounded.
Ijyb hits you with a +0 dagger.
You are too injured to fight recklessly!
You are too injured to fight recklessly!
You are too injured to fight recklessly!
You are too injured to fight recklessly!
You are too injured to fight recklessly!
You are too injured to fight recklessly!
You are too injured to fight recklessly!
You are too injured to fight recklessly!
You closely miss Ijyb.
Ijyb is moderately wounded.
Ijyb hits you but does no damage.
Ijyb screams, "Level is mine!
All mine!"
Ijyb hits you with a +0 dagger.
You hit Ijyb but do no damage.
Ijyb is moderately wounded.
Ijyb zaps a wand.
The roots erupt in riotous growth!
The grasping roots grab you!
Ijyb is unaffected.
The grasping roots constrict you.
You hear an angry hiss.
You slash Ijyb!
Ijyb is severely wounded.
Ijyb closely misses you. The grasping roots constrict you.
You closely miss Ijyb.
Ijyb is severely wounded.
Ijyb hits you with a +0 dagger. The grasping roots constrict you.
Ijyb hits you but does no damage. The grasping roots constrict you.
* * * LOW HITPOINT WARNING * * *
The grasping roots release their grip on you.
You hit Ijyb.
Ijyb is severely wounded.
Ijyb completely misses you.
You feel very mighty all of a sudden. Ijyb hits you with a +0 dagger.
* * * LOW HITPOINT WARNING * * *
You hit Ijyb but do no damage. Your punch misses Ijyb.
Ijyb is severely wounded.
Ijyb hits you with a +0 dagger.
You die...

# .# ###.
#.. #g#
####@####
#.......#
#.8...8.#
#.......#
#.8†..8.#
#.......#
#.8...8.#
#...<...#
#########


You could see Ijyb (strong).

Vanquished Creatures
  Jessica (D:2)
  3 adders (D:2)
  An orc (D:2)
  4 bats
  4 endoplasms
  A giant cockroach (D:1)
  A goblin (D:2)
  4 hobgoblins (D:1)
  6 jackals (D:1)
  3 kobolds (D:1)
  2 quokkas
  4 ball pythons (D:1)
  A frilled lizard (D:2)
  8 rats
43 creatures vanquished.

Notes
Turn   | Place    | Note
-------+----------+-------------------------------------------
     0 | D:1      | Nithhogg the Hill Orc Fighter began the quest for the Orb.
     0 | D:1      | Reached XP level 1. HP: 19/19 MP: 1/1
   224 | D:1      | Reached XP level 2. HP: 23/27 MP: 2/2
   609 | D:1      | Found Jiagu's Magic Scroll Shop.
   623 | D:1      | Reached XP level 3. HP: 33/33 MP: 3/3
  1397 | D:1      | Bought a scroll of brand weapon for 114 gold pieces
  1582 | D:2      | Noticed Jessica
  1587 | D:2      | Killed Jessica
  1588 | D:2      | Reached XP level 4. HP: 41/41 MP: 4/4
  1826 | D:2      | Found a roughly hewn altar of Beogh.
  1847 | D:2      | Found a faded altar of an unknown god.
  1954 | D:3      | Noticed Ijyb
  1968 | D:3      | Slain by Ijyb

Illustrated notes

Levels and vault maps discovered:
D:1:      saegor_arrival_simple_b, layout_loops_ring, serial_co_window_serial,
          co_window_paths_a, co_window_corner_a, co_window_of_opportunity_a,
          co_window_paths_b, co_window_paths_a, co_window_corner_ca,
          co_window_paths_c, co_window_of_opportunity_c,
          co_window_of_opportunity_c, co_window_unsneaky_path_b,
          co_window_paths_c, glass_columns_b, glass_columns_b, glass_columns_b,
          serial_shops, shop, kennysheep_minor_cross, minmay_surrounded
D:2:      layout_loops_ring, hellmonk_ecumenical_altar_defaced_shrine,
          uniq_jessica
D:3:      layout_loops_ring, grunt_ministairs_3, uniq_ijyb

Skill      XL: |  1  2  3 |
---------------+----------+-----
Axes           | 3 4 |  4.2
Fighting       | 4 |  4.7
Armour         | 4 |  4.2
Shields        | |  3.2

Action                     |  1- 3 |  4- 6 || total
---------------------------+-------+-------++-------
  Melee: War axe           |   122 |    27 ||   149
         Punch             |     1 |     1 ||     2
    Use: Potion            |       |     1 ||     1
 Armour: Scale mail        |    83 |    10 ||    93
  Dodge: Dodged            |    64 |    12 ||    76

Table legend: (Time is in decaauts)
 A = Elapsed time spent in this place.
 B = Non-inter-level travel time spent in this place.
 C = Inter-level travel time spent in this place.
 D = Time resting spent in this place.
 E = Time spent auto-exploring this place.
 F = Levels seen in this place.
 G = Mean time per level.
                   A        B        C        D        E       F      G
               +--------+--------+--------+--------+--------+-----+--------+
         Total |   2022 |   1877 |    145 |      0 |   1505 |   3 |  674.0 |
       Dungeon |   2022 |   1877 |    145 |      0 |   1505 |   3 |  674.0 |
               +--------+--------+--------+--------+--------+-----+--------+

Top non-repeatable levels by time:
     D:1: 1222 daAuts
     D:2: 749 daAuts
     D:3: 50 daAuts
